Map: Kairos Junction LE

Players

nio

  • Race: Protoss Protoss
  • Spawn Location: 11:00

Stoldent - Winner!

  • Race: Terran Terran
  • Spawn Location: 5:00

VOD

Have the link to the VOD?

Description

Time

  • Played on: Nov. 22, 2018, 6:30 p.m.
  • Length: 6:30
Show
View Real Time Build Order
Export as new Build Order

nio Protoss 

Build Orders: Oracle Opening 

Get SALT Encoding   

  1  0:00  Probe  
  12  0:06  Probe  
  14  0:20  Pylon  
  14  0:22  Probe  
  15  0:38  Probe  
  15  0:39  Gateway  
  16  0:44  Assimilator  
  16  0:50  Probe  
  17  1:00  Probe, Assimilator  
  17  1:03  Pylon  
  18  1:08  Probe  
  18  1:17  Probe  
  18  1:18  Forge  
  20  1:36  Cybernetics Core  
  20  1:39  Probe  
  21  1:51  Probe  
  22  1:57  Photon Cannon  
  22  1:59  Probe  
  22  2:08  Probe  
  24  2:18  Probe  
  24  2:26  Stargate  
  24  2:31  Photon Cannon  
  24  2:34  Stalker  
  26  2:43  Probe  
  26  3:01  Oracle  
  26  3:03  Probe  
  27  3:06  Warp Gate  
  30  3:15  Probe  
  31  3:25  Robotics Facility  
  31  3:32  Pylon  
  31  3:40  Pylon  
  31  3:50  Oracle  
  31  3:52  Gateway  
  34  4:00  Gateway  
  34  4:01  Probe  
  35  4:13  Probe  
  36  4:34  Probe  
  36  4:36  Observer  
  38  4:40  Robotics Bay  
  38  4:46  Probe  
  38  4:51  Nexus  
  39  4:58  Probe  
  37  5:10  Probe  
  37  5:11  Pylon  
  38  5:16  Phoenix  
  40  5:34  Disruptor  
  40  5:36  Photon Cannon  
  40  5:42  Photon Cannon  
  40  5:43  Stalker  
  40  5:44  Stalker x2  
  48  6:16  Pylon  
Show
View Real Time Build Order
Export as new Build Order

Stoldent Terran - Winner!

Build Orders: Reaper Expand 

Get SALT Encoding   

  12  0:00  SCV  
  13  0:13  SCV  
  14  0:16  Supply Depot  
  14  0:25  SCV  
  15  0:38  SCV  
  15  0:41  Barracks  
  16  0:49  Refinery  
  16  0:50  SCV  
  17  1:02  SCV  
  18  1:16  SCV  
  19  1:29  Orbital Command  
  19  1:32  Reaper  
  20  1:39  Command Center  
  20  1:51  Barracks  
  20  1:55  SCV  
  21  2:05  Supply Depot  
  21  2:07  SCV  
  21  2:08  Barracks Reactor  
  22  2:19  SCV  
  23  2:27  Barracks  
  23  2:31  SCV  
  24  2:42  Barracks Tech Lab  
  24  2:43  SCV  
  25  2:46  Refinery  
  25  2:47  Marine x2  
  27  2:56  SCV  
  29  3:01  Orbital Command  
  28  3:07  Marine x2  
  28  3:08  Stimpack  
  28  3:10  Marine  
  31  3:13  SCV  
  31  3:15  Barracks Tech Lab  
  32  3:25  Marine x2, SCV  
  32  3:26  SCV  
  36  3:33  Supply Depot  
  36  3:36  Marauder x2, Combat Shield  
  36  3:37  SCV  
  36  3:38  SCV  
  42  3:47  Marine x2  
  44  3:49  SCV  
  44  3:50  SCV  
  46  3:57  Marauder, Supply Depot  
  46  4:01  SCV  
  46  4:02  Marauder  
  51  4:05  Marine x2  
  52  4:13  SCV  
  52  4:14  SCV  
  53  4:18  Marine  
  53  4:22  Marine x2  
  53  4:23  Marine  
  55  4:25  SCV  
  55  4:27  SCV  
  57  4:37  SCV  
  58  4:47  Marauder x2  
  58  4:52  Supply Depot x2  
  62  4:54  SCV  
  62  5:00  Concussive Shells  
  62  5:02  Marine  
  62  5:04  Marine  
  62  5:05  Factory  
  62  5:18  SCV x2  
  62  5:19  Marauder x2  
  68  5:26  Marine x2  
  67  5:30  SCV x2  
  69  5:38  Engineering Bay  
  69  5:40  Marauder x2  
  73  5:43  SCV x2  
  73  5:49  Marine x2  
  77  5:51  Starport  
  77  5:52  Factory Reactor  
  77  5:55  SCV  
  78  5:59  Supply Depot x2  
  78  6:04  Supply Depot  
  78  6:14  SCV x2  
Tags
 
Add a new tag
Caveats
  • Supply blocks, unpowered buildings, or Contaminate may cause inaccurate times.
  • Supply counts are checked every 10 seconds.